 Dungeon Crawl Stone Soup version 0.28.0-1-gb440e238dd (webtiles) character file.

Game seed: 7835971719592753999

31918 Cykl0x the Geomancer (level 13, -3/91 HPs)
             Began as a Gargoyle Earth Elementalist on Feb 21, 2022.
             Was an Elder of Vehumet.
             Killed from afar by a lich (40 damage)
             ... with a bolt of cold
             ... on level 2 of the Abyss.
             The game lasted 00:45:43 (17890 turns).

Cykl0x the Geomancer (Gargoyle Earth Elementalist) Turns: 17890, Time: 00:45:44

Health: -3/91      AC: 32    Str: 15    XL:     13   Next: 61%
Magic:  4/27       EV:  8    Int: 24    God:    Vehumet [****..]
Gold:   925        SH:  0    Dex: 10    Spells: 23/33 levels left

rFire   . . .      SeeInvis .   d - +2 scimitar (flame)
rCold   . . .      Faith    .   E - orb {light}
rNeg    + . .      Spirit   .   u - +4 chain mail
rPois   ∞          Reflect  .   g - +0 helmet
rElec   +          Harm     .   K - +2 cloak
rCorr   +          Rampage  .   (no gloves)
Will    .....                   w - +2 pair of boots
Stlth   ..........              D - amulet of Vitality {Regen+ HP+15}
HPRegen 1.05/turn               y - +6 ring of intelligence
MPRegen 0.20/turn               t - ring of resist corrosion

@: about to teleport, glowing
A: sickness immunity, AC +9, negative energy resistance 1, electricity
resistance, torment resistance 1, petrification resistance
a: Renounce Religion


You were on level 2 of the Abyss.
You worshipped Vehumet.
Vehumet was greatly pleased with you.
You visited 1 branch of the dungeon, and saw 14 of its levels.
You visited the Abyss 1 time.
You also visited: Bailey.

You collected 969 gold pieces.
You spent 44 gold pieces at shops.

Inventory:

Hand Weapons
 c - a +4 short sword of venom
 d - a +2 scimitar of flaming (weapon)
 l - a +1 scimitar of draining
 F - a +0 short sword of speed
Missiles
 n - 266 stones
Armour
 g - a +0 helmet (worn)
 u - a +4 chain mail (worn)
 w - a +2 pair of boots (worn)
 E - an orb of light (worn)
 K - a +2 cloak (worn)
 Q - a +2 scale mail of poison resistance
Jewellery
 e - a ring of see invisible
 j - a ring of protection from fire
 r - a ring of magical power
 s - a +6 ring of dexterity
 t - a ring of resist corrosion (right hand)
 y - a +6 ring of intelligence (left hand)
 z - a +4 ring of protection
 D - the amulet of Vitality (around neck) {Regen+ HP+15}
   (You found it on level 5 of the Dungeon)

   [amulet of regeneration]

   HP:        It affects your health (+15).
   Regen:     It increases your rate of health regeneration.
 H - a +6 ring of intelligence
 L - an amulet of reflection
 M - a +6 ring of dexterity
 N - a ring of positive energy
Wands
 G - a wand of flame (13)
 P - a wand of iceblast (5)
Scrolls
 b - a scroll of torment
 k - a scroll of enchant armour
 q - a scroll of fog
 v - 2 scrolls of identify
 x - a scroll of enchant weapon
 B - a scroll of amnesia
 C - a scroll of fear
Potions
 a - 2 potions of berserk rage
 h - 2 potions of ambrosia
 i - a potion of invisibility
 m - 3 potions of cancellation
 o - a potion of might
 p - a potion of curing
 I - 3 potions of mutation
 J - a potion of heal wounds
 O - a potion of brilliance


   Skills:
 + Level 7.1 Fighting
 + Level 0.3(4.2) Short Blades
 + Level 6.9 Long Blades
 + Level 7.1 Armour
 + Level 4.4 Dodging
 - Level 2.1 Stealth
 + Level 10.7 Spellcasting
 + Level 11.2 Conjurations
 - Level 0.7 Transmutations
 + Level 4.2 Fire Magic
 + Level 12.4 Earth Magic
 + Level 0.1 Evocations


You had 23 spell levels left.
You knew the following spells:

 Your Spells              Type           Power      Damage    Failure   Level
a - Sandblast             Erth           100%       2d20      1%          1
b - Stone Arrow           Conj/Erth      100%       3d13      1%          3
c - Foxfire               Conj/Fire      100%       2x1d9     1%          1
d - Lee's Rapid Deconstr  Erth           32%        3d17*     3%          5

Your spell library contained the following spells:

 Spells                   Type           Power      Damage    Failure   Level
 Yara's Violent Unravell  Hex/Tmut       7%         3d5       98%         5
 Passwall                 Tmut/Erth      36%        N/A       8%          2
 Freeze                   Ice            48%        1d7       19%         1
 Hailstorm                Conj/Ice       39%        3d9       19%         4
 Petrify                  Tmut/Erth      44%        N/A       43%         4
 Frozen Ramparts          Ice            24%        1d4       45%         3
 Animate Skeleton         Necr           24%        N/A       58%         1
 Pain                     Necr           48%        1d6       58%         1
 Slow                     Hex            48%        N/A       58%         1
 Ensorcelled Hibernation  Hex/Ice        24%        N/A       73%         2
 Airstrike                Air            6%         N/A       83%         4
 Confusing Touch          Hex            12%        N/A       91%         3
 Vampiric Draining        Necr           12%        2d6       91%         3
 Enfeeble                 Hex            6%         N/A       100%        7


Dungeon Overview and Level Annotations

Branches:
Dungeon (14/15)            Temple (0/1) D:5            Lair (0/6) D:8
    Orc (0/2) D:12         Bailey (visited)
 Vaults: D:13-14

Altars:
Ashenzari
Cheibriados
Dithmenos
Makhleb
Nemelex Xobeh
Okawaru
Qazlal
Trog
Vehumet
Wu Jian
The Shining One

Shops:
D:2 (

Annotations:
D:4 1 runed translucent door, Zero0's ghost, amateur HOFi
D:13 3 runed translucent doors, Leinaam's ghost, journeyman MiBe


Innate Abilities, Weirdness & Mutations

You are immune to sickness and miasma.
Your stone body is resilient. (AC +9)
You are immune to poison.
You resist negative energy. (rN+)
You are resistant to electric shocks. (rElec)
You are resistant to unholy torment.
You are immune to petrification.


Message History

You closely miss the culicivora.
A tentacle flies out from the starspawn's body!
The culicivora closely misses you.
A lich comes into view.
The starspawn tentacle grabs you. The starspawn tentacle constricts you.
The starspawn tentacle loses its grip on you.
The tentacle pulls you backwards!
A starspawn tentacle comes into view.
The lich shouts!
You hit the tentacled starspawn. You burn the tentacled starspawn.
The tentacled starspawn is almost destroyed.
The starspawn tentacle grabs you. The starspawn tentacle constricts you.
The starspawn tentacle loses its grip on you.
The tentacle pulls you backwards!
You hit the starspawn tentacle. You burn the starspawn tentacle.
The starspawn tentacle is severely damaged.
The starspawn tentacle grabs you. The starspawn tentacle constricts you.
Something loses its grip on you.
A tentacle flies out from the starspawn's body!
A starspawn tentacle comes into view.
You hit the starspawn tentacle but do no damage.
The starspawn tentacle is severely damaged.
The starspawn tentacle grabs you. The starspawn tentacle constricts you.
The starspawn tentacle loses its grip on you.
The tentacle pulls you backwards!
As you read the scroll of teleportation, it crumbles to dust.
You feel strangely unstable.
You feel the power of the Abyss delaying your translocation!
The lich gestures at you while chanting.
The bolt of cold hits you! The culicivora barely misses you.
The culicivora bites you but does no damage.
The lich casts a spell.
The lich seems to speed up.
A large abomination comes into view.
A juggernaut skeleton and 2 harpy skeletons come into view.
The necromancer shouts!
You hear a bellow!
A large abomination comes into view.
The lich gestures at you while chanting.
The bolt of cold hits you!!!
You die...

.. .# ##..#.. #.##
.#..#.### #
#...##.X#..# ##.
..#....#.. .##. .
#.......##...# .. #.
##..#.#.#.#...#...
#...#.#..##X..........
#...@.Ls..##.# ##.
#....#.#.X5...#...#..#
.#. ..#..#.###.....#
#..ZZ##..# ..#...#
..#§#. ####..####....
.##p... ##. . # .. .
#....# ###. .....
.#.## ## #. Z.


You could see a tentacled starspawn, a lich (fast), 2 large abominations, a
culicivora and an ufetubus.

Vanquished Creatures
  A tentacled monstrosity (Abyss:2)
  Azrael (D:12)
  Snorg (D:13)
  A spriggan zombie (Abyss:2)
  A boulder beetle (D:12)
  2 centaur warriors (D:13)
  3 two-headed ogres
  A thrashing horror (Abyss:2)
  2 large abominations (Abyss:2)
  2 wretched stars (Abyss:2)
  A shadow wraith (Abyss:2)
  A deep elf pyromancer (D:13)
  An orc knight (Bailey)
  An ugly thing (D:13)
  A worldbinder (Abyss:2)
  2 cyclopes
  A manticore (D:13)
  2 unseen horrors (D:11)
  A gargoyle (D:12)
  2 smoke demons (Abyss:2)
  3 kobold demonologists
  2 ancient zymes (Abyss:2)
  4 trolls
  A hornet (D:8)
  Grinder (D:5)
  8 slime creatures
  A shadow (D:11)
  3 wraiths
  2 fire elementals (D:12)
  2 chaos spawn (Abyss:2)
  A vampire (D:13)
  8 yaks
  15 humans (D:14)
  3 vampire mosquitoes (D:11)
  A steam dragon (D:9)
  Edmund (D:4)
  A naga (Abyss:2)
  An acid dragon (D:10)
  A water moccasin (D:6)
  2 hell hounds (D:12)
  14 orc warriors
  3 sky beasts
  2 black bears
  2 ogres (D:6)
  A necrophage (D:4)
  14 centaurs
  4 wolves (D:8)
  9 kobold brigands
  Blork the orc (D:6)
  2 phantoms
  4 bullfrogs
  3 scorpions
  2 small abominations (Abyss:2)
  A water moccasin zombie (D:5)
  6 killer bees
  7 howler monkeys
  8 wights
  8 electric eels
  3 centaur zombies
  6 hounds
  7 orc priests
  2 bullfrog skeletons
  3 centaur skeletons
  2 gnoll shamans
  Natasha (thrice) (D:2)
  6 iguanas
  7 orc wizards
  2 killer bee zombies
  A howler monkey zombie (D:6)
  7 gnolls
  4 adders
  2 white imps (D:8)
  3 worms
  2 dart slugs
  60 orcs
  9 ball pythons
  5 endoplasms
  3 giant cockroaches (D:4)
  10 goblins
  10 hobgoblins
  29 kobolds
  A quokka (D:1)
  6 bats
  2 frilled lizards (D:3)
  10 rats
  A starspawn tentacle (Abyss:2)
386 creatures vanquished.

Vanquished Creatures (others)
  135 foxfires
  8 plants (D:11)
  3 starspawn tentacles (Abyss:2)
146 creatures vanquished.

Grand Total: 532 creatures vanquished

Notes
Turn   | Place    | Note
-------+----------+-------------------------------------------
     0 | D:1      | Cykl0x the Gargoyle Earth Elementalist began the quest for
                  | the Orb.
     0 | D:1      | Reached XP level 1. HP: 10/10 MP: 3/3
   121 | D:1      | Reached XP level 2. HP: 15/15 MP: 3/5
   150 | D:1      | Reached skill level 4 in Earth Magic
   694 | D:1      | Reached XP level 3. HP: 19/19 MP: 3/6
   698 | D:1      | Learned a level 3 spell: Stone Arrow
  1780 | D:2      | Found a faded altar of an unknown god.
  1992 | D:2      | Found Vehahesm's Weapon Shoppe.
  2001 | D:2      | Noticed Natasha
  2034 | D:2      | Killed Natasha
  2035 | D:2      | Reached skill level 1 in Conjurations
  2035 | D:2      | Reached XP level 4. HP: 14/24 MP: 1/8
  2039 | D:2      | Bought a +0 scimitar for 44 gold pieces
  2290 | D:2      | Found an ornate altar of the Wu Jian Council.
  2298 | D:2      | Noticed Natasha
  2300 | D:2      | Killed Natasha
  2414 | D:2      | Noticed Natasha
  2417 | D:2      | Killed Natasha
  2418 | D:2      | Reached XP level 5. HP: 28/28 MP: 2/9
  3217 | D:3      | Reached skill level 5 in Earth Magic
  3612 | D:3      | Reached XP level 6. HP: 32/32 MP: 2/11
  3738 | D:3      | Got the Almanac of the Enthralling Birds
  4450 | D:4      | Found an iron altar of Okawaru.
  4540 | D:4      | Reached skill level 1 in Long Blades
  4631 | D:4      | Noticed a necrophage
  4632 | D:4      | Noticed Edmund
  4641 | D:4      | Killed a necrophage
  4719 | D:4      | Killed Edmund
  4720 | D:4      | Reached skill level 6 in Earth Magic
  4720 | D:4      | Reached XP level 7. HP: 18/37 MP: 1/13
  5155 | D:4      | Noticed Zero0's ghost (amateur HOFi)
  5158 | D:4      | Found a runed translucent door.
  5213 | D:4      | Found a glowing golden altar of the Shining One.
  5511 | D:4      | Found a radiant altar of Vehumet.
  5512 | D:4      | Found a sparkling altar of Nemelex Xobeh.
  5516 | D:4      | Became a worshipper of Vehumet
  5617 | D:5      | Entered Level 5 of the Dungeon
  5656 | D:5      | Found a staircase to the Ecumenical Temple.
  5664 | D:5      | Noticed Grinder
  5665 | D:5      | Paralysed by Grinder for 6 turns
  5675 | D:5      | Killed Grinder
  5676 | D:5      | Reached skill level 1 in Fighting
  5858 | D:5      | Reached XP level 8. HP: 42/43 MP: 1/15
  6004 | D:5      | Reached skill level 5 in Spellcasting
  6481 | D:5      | Found a bloodstained altar of Trog.
  6555 | D:5      | Reached * piety under Vehumet
  6555 | D:5      | Offered knowledge of Foxfire by Vehumet.
  6630 | D:5      | Learned a level 1 spell: Foxfire
  6686 | D:5      | Reached skill level 5 in Conjurations
  6702 | D:5      | Found the amulet of Vitality {Regen+ HP+15}
  7023 | D:6      | Noticed Blork the orc
  7031 | D:6      | Killed Blork the orc
  7203 | D:6      | Reached skill level 7 in Earth Magic
  7426 | D:6      | Reached skill level 1 in Armour
  7431 | D:6      | Reached XP level 9. HP: 49/49 MP: 1/17
  7598 | D:6      | Reached skill level 1 in Fire Magic
  8055 | D:6      | Found a stormy altar of Qazlal.
  8477 | D:7      | Reached ** piety under Vehumet
  8477 | D:7      | Offered knowledge of Static Discharge by Vehumet.
  8780 | D:7      | Found a snail-covered altar of Cheibriados.
  9143 | D:7      | Reached skill level 8 in Earth Magic
  9263 | D:7      | Found a broken altar of Ashenzari.
  9337 | D:7      | Reached skill level 5 in Fighting
  9513 | D:7      | Reached XP level 10. HP: 59/59 MP: 3/19
  9587 | D:7      | Offered knowledge of Inner Flame by Vehumet.
  9830 | D:8      | Reached *** piety under Vehumet
  9961 | D:8      | Found a staircase to the Lair.
 10084 | D:8      | Reached skill level 5 in Long Blades
 10915 | D:9      | Reached skill level 9 in Earth Magic
 10976 | D:9      | Offered knowledge of Flame Wave by Vehumet.
 11472 | D:9      | Found a burning altar of Makhleb.
 11507 | D:9      | Reached XP level 11. HP: 64/64 MP: 7/23
 11719 | D:10     | Entered Level 10 of the Dungeon
 11875 | D:10     | Found a flagged portal.
 11887 | Bailey   | Entered a bailey
 12136 | Bailey   | Reached **** piety under Vehumet
 12543 | Bailey   | Identified the +1 robe of Melancholy {Harm Dex-4 Stlth+
                  | Archmagi}
 12544 | Bailey   | Noticed an orc knight
 12547 | Bailey   | Killed an orc knight
 12562 | Bailey   | Reached skill level 5 in Armour
 12562 | Bailey   | Reached skill level 10 in Earth Magic
 12562 | Bailey   | Reached XP level 12. HP: 70/70 MP: 5/25
 13082 | D:11     | Noticed a two-headed ogre
 13093 | D:11     | Killed a two-headed ogre
 13429 | D:11     | Reached skill level 10 in Conjurations
 13439 | D:11     | Offered knowledge of Lee's Rapid Deconstruction by Vehumet.
 13455 | D:11     | Learned a level 5 spell: Lee's Rapid Deconstruction
 14166 | D:12     | Noticed a boulder beetle
 14176 | D:12     | Killed a boulder beetle
 14177 | D:12     | Reached skill level 11 in Earth Magic
 14230 | D:12     | Noticed Azrael
 14238 | D:12     | HP: 4/86 [fire elemental[Azrael] (8)]
 14254 | D:12     | Killed Azrael
 14611 | D:12     | Found a staircase to the Orcish Mines.
 14835 | D:12     | Found a shadowy altar of Dithmenos.
 14842 | D:12     | Reached XP level 13. HP: 67/75 MP: 16/26
 15539 | D:13     | Reached skill level 10 in Spellcasting
 15651 | D:13     | Noticed Snorg
 15658 | D:13     | Killed Snorg
 15676 | D:13     | Reached ***** piety under Vehumet
 15806 | D:13     | Found a runed translucent gate.
 15806 | D:13     | Found a runed translucent gate.
 15807 | D:13     | Found a runed translucent gate.
 15812 | D:13     | Noticed Leinaam's ghost (journeyman MiBe)
 15847 | D:13     | Offered knowledge of Yara's Violent Unravelling by Vehumet.
 16050 | D:13     | Reached skill level 12 in Earth Magic
 17347 | D:14     | Noticed a vault guard
 17351 | D:14     | Cast into level 2 of the Abyss (a wizard)
 17513 | Abyss:2  | Found a blossoming altar of Fedhas.
 17539 | Abyss:2  | Noticed a starcursed mass
 17682 | Abyss:2  | Noticed a tentacled monstrosity
 17750 | Abyss:2  | Killed a tentacled monstrosity
 17865 | Abyss:2  | Noticed a tentacled starspawn
 17880 | Abyss:2  | Noticed a lich
 17890 | Abyss:2  | Killed from afar by a lich

Illustrated notes

Levels and vault maps discovered:
D:1:      minmay_arrival_three_doors, layout_basic, nrook_campfire
D:2:      layout_basic, basic_ecumenical_altar, basic_altar, serial_shops,
          nicolae_shop_crystal, uniq_natasha
D:3:      layout_loops_ring
D:4:      layout_loops_cross, okawaru_gym_becter, mainiacjoe_overflow_chevrons,
          gammafunk_temple_overflow_statue, hellmonk_ghost_happy_afterlife,
          chequers_serial_rivers_micro_e, uniq_edmund
D:5:      layout_gridville, mainiacjoe_overflow_cross_hatched,
          minmay_temple_entry_slanted, uniq_grinder
D:6:      layout_gridville, lemuel_crystal_altar, grunt_decor_junction,
          uniq_blork_the_orc
D:7:      minmay_octagon_keep, layout_basic,
          mainiacjoe_overflow_concentric_impassable, ashenzari_altar_1
D:8:      layout_loops_ring, erik_lair_island, chequers_serial_rivers_micro_e
D:9:      layout_basic, bloody_makhleb
D:10:     layout_big_octagon, enter_bailey_3
D:11:     layout_long_grid, serial_bayou, serial_bayou_crossing,
          serial_bayou_pond_d, serial_bayou_pond_b, serial_bayou_pond_c,
          minmay_misc_feat_doors
D:12:     layout_small_grid, hiddenorc1_lemuel, nicolae_dithmenos_the_darkroom,
          uniq_azrael
D:13:     layout_loops_ring, gammafunk_ghost_spectres, uniq_snorg
D:14:     layout_grid_maze, grunt_vaults_entry_tiered,
          minmay_staircase_statues_hall_large, uniq_nessos, uniq_agnes
Abyss:2:  base: D:9, minivault_22, bh_abyss_negative,
          kilobyte_mutagenic_chamber, kilobyte_mutagenic_chamber,
          due_exit_kobolds, due_exit_kobolds, onia_ninara_dug_in_and_dangerous,
          onia_ninara_dug_in_and_dangerous

Skill      XL: |  1  2  3  4  5  6  7  8  9 10 11 12 13 |
---------------+----------------------------------------+-----
Earth Magic    | 4 5 6 7 8 9 10 11 12 | 12.4
Conjurations   | 1 2 3 4 5 6 7 9 10 11 | 11.2
Spellcasting   | 3 4 5 6 8 9 10 | 10.7
Long Blades    | 1 2 3 4 5 6 |  6.9
Dodging        | 2 3 4 |  4.4
Fighting       | 1 2 5 6 7 |  7.1
Armour         | 1 2 3 5 6 7 |  7.1
Fire Magic     | 1 2 4 |  4.2
Short Blades   | |  0.3
Stealth        | |  2.1
Transmutations | |  0.7
Evocations     | |  0.1

Action                   |  1- 3 |  4- 6 |  7- 9 | 10-12 | 13-15 || total
-------------------------+-------+-------+-------+-------+-------++-------
Melee: Short sword       |     9 |       |       |     2 |       ||    11
       Dagger            |     7 |       |       |       |       ||     7
       Scimitar          |       |    30 |    79 |   107 |   111 ||   327
       Punch             |       |       |     1 |       |       ||     1
Throw: Stone             |       |     1 |       |       |       ||     1
 Cast: Sandblast         |    31 |    15 |    10 |     8 |     9 ||    73
       Stone Arrow       |    14 |    39 |   106 |   197 |   148 ||   504
       Foxfire           |       |       |    33 |    45 |     2 ||    80
       Lee's Rapid Decon |       |       |       |     3 |     5 ||     8
Evoke: Wand              |       |       |       |     2 |       ||     2
  Use: Scroll            |     2 |     4 |     8 |    11 |     9 ||    34
       Potion            |       |       |       |     9 |     3 ||    12
Armor: Robe              |     9 |    11 |    25 |       |       ||    45
       Leather armour    |       |       |    23 |    23 |       ||    46
       Chain mail        |       |       |       |   216 |   223 ||   439
Dodge: Dodged            |    26 |    22 |    82 |   107 |   102 ||   339
